 Dungeon Crawl Stone Soup version 0.31-a0-564-g3b7de120b3 (webtiles) character file.

Game seed: 11663216861113688933

3310 Aj7335 the Basher (level 9, -9/121 HPs)
             Began as a Minotaur Berserker on Aug 17, 2023.
             Was an Elder of Trog.
             Killed from afar by an electric eel (15 damage)
             ... with a bolt of electricity
             ... on level 8 of the Dungeon.
             The game lasted 00:18:57 (10487 turns).

Aj7335 the Basher (Minotaur Berserker)             Turns: 10487, Time: 00:18:58

Health: -9/121     AC:  7    Str: 25    XL:     9   Next: 70%
Magic:  8/8        EV: 14    Int:  4    God:    Trog [****..]
Gold:   49         SH:  5    Dex: 11    Spells: 8/8 levels left

rFire   + . .        F - +5 dire flail
rCold   . . .        (shield currently unavailable)
rNeg    . . .        A - +0 leather armour
rPois   .            (helmet restricted)
rElec   .            z - +2 cloak
rCorr   .            (no gloves)
SInv    +            C - +0 pair of boots
Will    .....        G - amulet of reflection Stlth
                     n - ring of see invisible
HPRegen 0.40/turn    E - ring of protection from fire
MPRegen 0.11/turn

%: reflection
@: berserking (expiring), very quick
A: horns 2, retaliatory headbutt
a: Renounce Religion, Berserk, Trog's Hand, Brothers in Arms


You were on level 8 of the Dungeon.
You worshipped Trog.
Trog was greatly pleased with you.
You visited 2 branches of the dungeon, and saw 9 of its levels.

You collected 532 gold pieces.
You spent 483 gold pieces at shops.

Inventory:

Hand Weapons
 a - a +0 heavy hand axe
 r - a +2 mace of holy wrath
 F - a +5 dire flail (weapon)
Armour
 z - a +2 cloak (worn)
 A - a +0 leather armour (worn)
 C - a +0 pair of boots (worn)
Jewellery
 i - a ring of magical power
 n - a ring of see invisible (left hand)
 s - a +6 ring of intelligence
 E - a ring of protection from fire (right hand)
 G - an amulet of reflection (around neck)
Wands
 p - a wand of flame (29)
 u - a wand of roots (12)
 v - a wand of charming (5)
Scrolls
 b - a scroll of amnesia {unknown}
 f - 2 scrolls of teleportation {unknown}
 j - a scroll of revelation {unknown}
 k - 4 scrolls of immolation
 l - a scroll of noise {unknown}
 q - 2 scrolls of fog
 t - 2 scrolls of enchant armour
 w - 3 scrolls of identify
 y - a scroll of silence {unknown}
 B - a scroll of brand weapon
Potions
 c - 5 potions of attraction
 d - a potion of haste {unknown}
 e - 2 potions of lignification
 g - 3 potions of curing (quivered)
 h - 3 potions of magic {unknown}
 m - 3 potions of might {unknown}
 o - 2 potions of degeneration {unknown}
 x - 2 potions of cancellation {unknown}
 D - 2 potions of heal wounds {unknown}


   Skills:
 + Level 7.8 Fighting
 + Level 6.5(9.3) Axes
 + Level 10.1(11.0) Maces & Flails
 + Level 3.4 Armour
 + Level 6.6 Dodging
 + Level 4.4 Stealth


You had 8 spell levels left.
You didn't know any spells.
Your spell library was empty.

Dungeon Overview and Level Annotations

Branches:
Dungeon (8/15)             Temple (1/1) D:5
   Lair: D:8-11

Altars:
Ashenzari
Cheibriados
Dithmenos
Elyvilon
Fedhas
Gozag
Hepliaklqana
Kikubaaqudgha
Makhleb
Nemelex Xobeh
Okawaru
Sif Muna
Trog
Vehumet
Wu Jian
Xom
Zin
The Shining One

Shops:
D:5 ?   D:6 (   D:8 =(

Annotations:
D:8 2 runed translucent doors


Innate Abilities, Weirdness & Mutations

You have a pair of horns on your head.
You reflexively headbutt those who attack you in melee.


Message History

There are monsters nearby!
You enter the shallow water.
Moving in this stuff is going to be slow.
The electric eel shoots out a bolt of lightning at you!
The bolt of electricity hits you!
Unknown command.
There are monsters nearby!
Unknown command.
There are monsters nearby!
You closely miss the electric eel.
The electric eel shoots out a bolt of lightning at you!
The bolt of electricity hits you.
Unknown command.
The electric eel shoots out a bolt of lightning at you!
The bolt of electricity hits you!
Your unstable footing causes you to fumble your attack.
You barely miss the electric eel.
The electric eel shoots out a bolt of lightning at you!
The bolt of electricity hits you!
A red film seems to cover your vision as you go berserk!
You feel yourself moving faster!
You feel mighty!
The electric eel shoots out a bolt of lightning at you!
The bolt of electricity misses you.
Your unstable footing causes you to fumble your attack.
The electric eel shoots out a bolt of lightning at you!
The bolt of electricity hits you!
* * * LOW HITPOINT WARNING * * *
Your unstable footing causes you to fumble your attack.
Your unstable footing causes you to fumble your attack.
Your unstable footing causes you to fumble your attack.
The electric eel shoots out a bolt of lightning at you!
The bolt of electricity hits you!
* * * LOW HITPOINT WARNING * * *
You closely miss the electric eel.
The electric eel shoots out a bolt of lightning at you!
The bolt of electricity hits you!
* * * LOW HITPOINT WARNING * * *
The electric eel shoots out a bolt of lightning at you!
The bolt of electricity hits you!
You die...

#.#..~~.~≈≈≈≈
..#..~~~~≈~≈###
.#..P≈~≈≈≈~...##
...~~~≈≈≈P.~...# ....
..~~~z≈~~~~....# .....
...~z≈≈~.S.....# #.....
.~≈~z≈≈S......<####.....
.~.≈≈≈P~~...............
.~~≈≈≈~@~.###...........
..~≈≈≈~.............#...
.P~≈≈~~......#.....(....
~~~≈≈~~.....)#..........
~≈≈≈≈~~......#..........
P~≈≈~~....>..######.....
..≈~~~.........####...##
..~~~~....##...#.......#
~~≈..........#.#######


You could see 2 electric eels and 3 wights.

Vanquished Creatures
  A wyvern (D:8)
  Menkaure (D:5)
  The ghost of Zonian the Insei, an amateur OpSh (D:4)
  Duvessa (D:5)
  A water moccasin (D:7)
  2 ice beasts
  3 orc warriors
  A sky beast (D:8)
  3 ogres (D:5)
  2 centaurs
  2 phantoms (D:6)
  A kobold brigand (D:7)
  3 bullfrogs
  2 scorpions
  Dowan (D:5)
  5 wights (D:8)
  2 vampire bats (D:8)
  A crimson imp (D:6)
  A hound (D:6)
  A gnoll bouda (D:3)
  2 orc priests
  An iron imp (D:5)
  A bullfrog skeleton (D:4)
  4 iguanas
  6 orc wizards
  A statue (D:4)
  A howler monkey zombie (D:4)
  8 adders
  8 gnolls
  A howler monkey skeleton (D:4)
  A shadow imp (D:6)
  An ufetubus (D:6)
  3 worms
  3 dart slugs
  37 orcs
  7 ball pythons
  6 bats
  2 bat skeletons (D:8)
  5 bat zombies (D:8)
  6 endoplasms
  3 giant cockroaches
  10 goblins
  8 hobgoblins
  11 jackals
  4 quokkas
  5 frilled lizards
  13 kobolds
  10 rats
203 creatures vanquished.

Notes
Turn   | Place    | Note
-------+----------+-------------------------------------------
     0 | D:1      | Aj7335 the Minotaur Berserker began the quest for the Orb.
     0 | D:1      | Reached XP level 1. HP: 19/19 MP: 0/0
    67 | D:1      | Reached XP level 2. HP: 21/27 MP: 1/1
   167 | D:1      | Found a faded altar of an unknown god.
   328 | D:1      | Reached ** piety under Trog
   798 | D:1      | Reached XP level 3. HP: 28/33 MP: 2/2
  1357 | D:2      | Reached XP level 4. HP: 40/41 MP: 3/3
  1390 | D:2      | Reached skill level 5 in Axes
  1623 | D:3      | Found a shadowy altar of Dithmenos.
  1631 | D:3      | Reached skill level 1 in Stealth
  1787 | D:3      | HP: 2/61 [gnoll bouda/+0 club (4)]
  1789 | D:3      | Reached XP level 5. HP: 2/47 MP: 4/4
  3657 | D:4      | Found a runed translucent gate.
  3657 | D:4      | Found a runed translucent gate.
  3657 | D:4      | Found a runed translucent gate.
  3658 | D:4      | Noticed Zonian's ghost (amateur OpSh)
  4153 | D:4      | Found a radiant altar of Vehumet.
  4153 | D:4      | Noticed a frost-covered statue
  4173 | D:4      | Killed a frost-covered statue
  4776 | D:4      | Reached skill level 1 in Maces & Flails
  4901 | D:4      | Killed Zonian's ghost
  4902 | D:4      | Reached skill level 5 in Fighting
  4902 | D:4      | Reached skill level 2 in Maces & Flails
  4902 | D:4      | Reached XP level 6. HP: 56/56 MP: 5/5
  5138 | D:5      | Entered Level 5 of the Dungeon
  5144 | D:5      | Found a shimmering blue altar of Sif Muna.
  5200 | D:5      | Found a staircase to the Ecumenical Temple.
  5432 | D:5      | Found Oqengakh's Magic Scroll Shop.
  5437 | D:5      | Reached skill level 3 in Maces & Flails
  5437 | D:5      | Reached XP level 7. HP: 61/61 MP: 6/6
  5438 | D:5      | Bought a scroll of identify for 26 gold pieces
  5438 | D:5      | Bought a scroll of enchant armour for 97 gold pieces
  5585 | D:5      | Found a snail-covered altar of Cheibriados.
  5595 | D:5      | Reached *** piety under Trog
  5652 | D:5      | Noticed Menkaure
  5657 | D:5      | Killed Menkaure
  5658 | D:5      | Reached skill level 4 in Maces & Flails
  5659 | D:5      | Found a sand-covered staircase.
  5811 | D:5      | Reached skill level 5 in Maces & Flails
  5811 | D:5      | Reached XP level 8. HP: 43/70 MP: 7/7
  6100 | D:5      | Found a broken altar of Ashenzari.
  6137 | D:5      | Noticed Dowan
  6140 | D:5      | Noticed Duvessa
  6146 | D:5      | Killed Duvessa
  6151 | D:5      | Killed Dowan
  6152 | D:5      | Reached skill level 5 in Dodging
  6498 | D:5      | Reached skill level 6 in Maces & Flails
  7234 | Temple   | Entered the Ecumenical Temple
  7294 | D:6      | Found Suom's Antique Weapon Shoppe.
  7841 | D:6      | Reached skill level 7 in Maces & Flails
  8149 | D:6      | Found a burning altar of Makhleb.
  8220 | D:6      | Found a shimmering altar of Xom.
  8707 | D:6      | Found an iron altar of Okawaru.
  8721 | D:6      | Reached XP level 9. HP: 78/78 MP: 8/8
  9118 | D:6      | Reached skill level 8 in Maces & Flails
  9790 | D:7      | Reached **** piety under Trog
  9920 | D:8      | Reached skill level 9 in Maces & Flails
 10100 | D:8      | Found Titteat's Antique Weapon Emporium.
 10344 | D:8      | Found a large runed translucent door.
 10344 | D:8      | Found a large runed translucent door.
 10345 | D:8      | Found Kurch's Jewellery Boutique.
 10348 | D:8      | Bought an amulet of reflection for 360 gold pieces
 10428 | D:8      | Found an ancient bone altar of Kikubaaqudgha.
 10433 | D:8      | Reached skill level 10 in Maces & Flails
 10486 | D:8      | HP: 5/121 [electric eel/bolt of electricity (13)]
 10487 | D:8      | Killed from afar by an electric eel

Illustrated notes

Levels and vault maps discovered:
D:1:      wander_arrival_chamber, layout_basic,
          chequers_ecumenical_altar_island, patterned_corridor
D:2:      layout_loops_ring, minmay_tripent
D:3:      layout_loops_ring, mainiacjoe_overflow_alcove_4, portal_sewer_entry_d,
          minivault_4
D:4:      layout_rooms, vehumet_statue, gammafunk_ghost_necromancy,
          minmay_misc_feat_room, minivault_5
D:5:      layout_loops_cross, slow_altar_1, lemuel_crystal_altar,
          ashenzari_altar_1, minmay_temple_entry_ruins,
          nicolae_ossuary_entry_ruins, serial_shops, shop, abandoned_shop,
          uniq_menkaure, uniq_duvessa
D:6:      layout_loops_ring, grunt_temple_overflow_champion_of_chaos,
          okawaru_altar_gauntlet_db, serial_shops, nicolae_shop_statue_plus,
          small_statue_intersection, sigmund_army
D:7:      layout_basic
D:8:      layout_basic, kennysheep_vampire_church, jmf_multi_god_temple2,
          serial_shops, nicolae_shop_crystal, nicolae_shop_tiny_glass,
          kennysheep_mini_moat, nicolae_shop_tiny_real_fake_doors, shop,
          chequers_big_river, uniq_jeremiah
Temple:   nicolae_temple_ecumenical_triangle

Skill      XL: |  1  2  3  4  5  6  7  8  9 |
---------------+----------------------------+-----
Axes           | 4 5 6 |  6.5
Fighting       | 4 5 6 7 |  7.8
Stealth        | 1 2 3 4 |  4.4
Dodging        | 3 4 5 6 |  6.6
Maces & Flails | 2 3 5 7 10 | 10.1
Armour         | 3 |  3.4

Action                     |  1- 3 |  4- 6 |  7- 9 || total
---------------------------+-------+-------+-------++-------
  Melee: Hand axe          |    82 |    43 |       ||   125
         Headbutt          |     2 |    19 |    41 ||    62
         Punch             |     1 |       |     3 ||     4
         Mace              |       |    61 |   224 ||   285
         Dire flail        |       |       |    24 ||    24
 Invoke: Berserk           |       |     5 |     8 ||    13
    Use: Scroll            |     1 |     5 |       ||     6
         Potion            |       |     2 |       ||     2
   Stab: Sleeping          |     3 |     3 |     7 ||    13
 Armour: Animal skin       |    22 |    13 |    10 ||    45
         Leather armour    |       |       |    44 ||    44
  Dodge: Dodged            |    69 |    84 |   152 ||   305
  Block: Other             |       |       |     3 ||     3
         Reflection        |       |       |     1 ||     1

Table legend: (Time is in decaauts)
 A = Elapsed time spent in this place.
 B = Non-inter-level travel time spent in this place.
 C = Inter-level travel time spent in this place.
 D = Time resting spent in this place.
 E = Time spent auto-exploring this place.
 F = Levels seen in this place.
 G = Mean time per level.
                   A        B        C        D        E       F      G
               +--------+--------+--------+--------+--------+-----+--------+
         Total |  10642 |   9947 |    695 |   3900 |   4785 |   9 | 1182.4 |
       Dungeon |  10612 |   9917 |    695 |   3900 |   4785 |   8 | 1326.5 |
        Temple |     29 |     29 |      0 |      0 |      0 |   1 |   29.0 |
               +--------+--------+--------+--------+--------+-----+--------+

Top non-repeatable levels by time:
     D:5: 2156 daAuts
     D:3: 2007 daAuts
     D:6: 1875 daAuts
     D:4: 1578 daAuts
     D:1: 951 daAuts
     D:7: 775 daAuts
     D:2: 692 daAuts
     D:8: 575 daAuts
  Temple: 29 daAuts
